 Dungeon Crawl Stone Soup version 0.29.1-13-g9f3cf754e1 (webtiles) character file.

Game seed: 5581662145940102919

60 Priul the Conjurer (level 3, -4/19 HPs)
             Began as a Deep Elf Conjurer on Feb 3, 2023.
             Killed from afar by Ijyb (17 damage)
             ... with a bolt of acid
             ... on level 3 of the Dungeon.
             The game lasted 00:09:00 (2378 turns).

Priul the Conjurer (Deep Elf Conjurer)              Turns: 2378, Time: 00:09:01

Health: -4/19      AC:  2    Str:  4    XL:     3   Next: 82%
Magic:  2/10       EV: 12    Int: 24    God:
Gold:   87         SH:  0    Dex: 13    Spells: 6/9 levels left

rFire   . . .      SeeInvis .   t - +8 rapier "Firuseag" {flame, *Noise rPois rC+}
rCold   + + .      Faith    .   (no shield)
rNeg    . . .      Spirit   .   a - +0 robe
rPois   +          Reflect  .   (no helmet)
rElec   .          Harm     .   (no cloak)
rCorr   .          Rampage  .   (no gloves)
Will    .....                   (no boots)
Stlth   ++........              (no amulet)
HPRegen 0.06/turn               n - ring of protection from cold
MPRegen 0.12/turn               (no ring)

@: no status effects
A: no striking features
a: no special abilities


You were on level 3 of the Dungeon.
You visited 1 branch of the dungeon, and saw 3 of its levels.

You collected 87 gold pieces.

Inventory:

Hand Weapons
 g - a +0 short sword
 j - a +2 short sword of speed
 q - a +2 vampiric spear
 t - the +8 rapier "Firuseag" (weapon) {flame, *Noise rPois rC+}
   (You found it on level 2 of the Dungeon)

   It burns those it strikes, dealing additional fire damage.
   rC:        It protects you from cold.
   rPois:     It protects you from poison.
   *Noise:    It may make noises in combat.
Missiles
 d - 11 stones
 u - 2 poisoned darts
Armour
 a - a +0 robe (worn)
Jewellery
 n - a ring of protection from cold (left hand)
Wands
 p - a wand of acid (6) (quivered)
Scrolls
 c - 8 scrolls of identify {unknown}
 e - a scroll of noise {unknown}
 i - a scroll of fear {unknown}
 o - 2 scrolls of enchant armour {unknown}
 r - a scroll of immolation {unknown}
Potions
 b - a potion of magic
 f - a potion of ambrosia {unknown}
 h - a potion of mutation {unknown}
 k - a potion of lignification {unknown}
 l - a potion of might {unknown}
 m - a potion of attraction {unknown}
 s - a potion of curing {unknown}


   Skills:
 + Level 2.6 Dodging
 + Level 3.0 Stealth
 + Level 3.5 Spellcasting
 + Level 5.5 Conjurations


You had 6 spell levels left.
You knew the following spells:

 Your Spells              Type           Power      Damage    Failure   Level
a - Magic Dart            Conj           100%       1d8       1%          1
b - Searing Ray           Conj           62%        2d6       1%          2

Your spell library contained the following spells:

 Spells                   Type           Power      Damage    Failure   Level
 Dazzling Flash           Conj/Hex       34%        N/A       10%         3
 Mephitic Cloud           Conj/Pois/Air  13%        N/A       14%         3
 Blink                    Tloc           8%         N/A       16%         2
 Ignite Poison            Fire/Tmut/Pois 4%         N/A       30%         3
 Fulminant Prism          Conj/Hex       8%         3d7       32%         4
 Iskenderun's Mystic Bla  Conj/Tloc      17%        2d5       32%         4
 Freezing Cloud           Conj/Ice/Air   6%         6-21      80%         5
 Manifold Assault         Tloc           4%         N/A       96%         5
 Storm Form               Tmut/Air       2%         N/A       100%        7


Dungeon Overview and Level Annotations

Branches:
Dungeon (3/15)

Altars:

Annotations:
D:3 1 runed translucent door, Crazy Yiuf, Ijyb


Message History

Press: ? - help, Shift-Dir - straight line, f/p - Ijyb
Aim: Ijyb, wielding a +0 club, wearing a +0 chain mail and carrying a wand of acid (10) (79% to hit)
The searing ray hits Ijyb.
Ijyb is lightly wounded. (Press . to maintain the ray.)
The searing ray misses Ijyb.
The searing ray hits Ijyb but does no damage.
Ijyb is lightly wounded.
You closely miss Ijyb.
Ijyb is lightly wounded.
Ijyb barely misses you.
You hit Ijyb. You burn Ijyb.
Ijyb is moderately wounded.
Ijyb closely misses you.
You hit Ijyb but do no damage.
Ijyb is moderately wounded.
Ijyb barely misses you.
Ijyb screams, "Get away!"
Ijyb hits you with a +0 club.
You closely miss Ijyb.
Ijyb is moderately wounded.
Ijyb barely misses you.
You hit Ijyb. You burn Ijyb.
Your rapier "Firuseag" laughs crazily.
Ijyb is heavily wounded.
Ijyb hits you with a +0 club.
Casting: Searing Ray (safe; 1% risk of failure)
Confirm with . or Enter, or press ? or * to list all spells.
Aiming: Searing Ray (safe; 1% risk of failure)
Press: ? - help, Shift-Dir - straight line, f/p - Ijyb
Aim: Ijyb, wielding a +0 club, wearing a +0 chain mail and carrying a wand of acid (10) (heavily wounded, 79% to hit)
The searing ray hits Ijyb.
Ijyb is severely wounded. (Press . to maintain the ray.) Ijyb hits you but does no damage.
The searing ray hits Ijyb!
Ijyb is almost dead.
Ijyb zaps a wand.
The bolt of acid hits you!
Ouch! That really hurt!
You die...

#......###########
#.................
.................
..†.............
#..............
#..............
##.#######..............
......g@.'..<...........
........##..............
.$......##..............
........##..............
........##...........[..
..<.....#######..#######
........# ##...#
........# #....# #....#


You could see Ijyb.

Vanquished Creatures
  An adder (D:2)
  A worm (D:2)
  A dart slug (D:1)
  2 endoplasms
  5 giant cockroaches
  6 goblins
  5 hobgoblins
  6 quokkas
  2 ball pythons
  4 bats
  2 frilled lizards
  5 kobolds
  4 rats
44 creatures vanquished.

Vanquished Creatures (others)
  2 fungi (D:3)
2 creatures vanquished.

Grand Total: 46 creatures vanquished

Notes
Turn   | Place    | Note
-------+----------+-------------------------------------------
     0 | D:1      | Priul the Deep Elf Conjurer began the quest for the Orb.
     0 | D:1      | Reached XP level 1. HP: 10/10 MP: 6/6
   427 | D:1      | Reached XP level 2. HP: 15/15 MP: 5/8
   433 | D:1      | Learned a level 2 spell: Searing Ray
   967 | D:1      | Reached skill level 5 in Conjurations
  1440 | D:2      | Found a faded altar of an unknown god.
  1511 | D:2      | Reached XP level 3. HP: 19/19 MP: 5/9
  2061 | D:2      | Identified the +8 rapier "Firuseag" {flame, *Noise rPois
                  | rC+}
  2334 | D:3      | Found a runed translucent door.
  2335 | D:3      | Noticed Crazy Yiuf
  2366 | D:3      | Noticed Ijyb
  2378 | D:3      | Killed from afar by Ijyb

Illustrated notes

Levels and vault maps discovered:
D:1:      dpeg_arrival_erosion, layout_basic, st_stairs_8,
          chequers_hall_statues_corner_a
D:2:      layout_basic, chequers_ecumenical_altar_simple_redux,
          serial_park_tiny_1
D:3:      gammafunk_steamed_eel, layout_basic, eat_drink_and_be_merry_uskayaw,
          minmay_misc_feat_five, uniq_terence, uniq_grinder,
          uniq_crazy_yiuf_cottage, uniq_ijyb

Skill      XL: |  1  2  3 |
---------------+----------+-----
Conjurations   | 5 |  5.5
Stealth        | 3 |  3.0
Dodging        | |  2.6
Spellcasting   | |  3.5

Action                   || total
-------------------------++-------
Melee: Rapier            ||     8
 Cast: Magic Dart        ||    80
       Searing Ray       ||     5
Armor: Robe              ||     2
Dodge: Dodged            ||     7
